 Dungeon Crawl Stone Soup version 0.31-a0-217-g58bb5d79cf (webtiles) character file.

Game seed: 15233347325187493957

42 qw the Shooter (level 3, 0/21 HPs)
             Began as a Gargoyle Hexslinger on July 2, 2023.
             Slain by Grinder (2 damage)
             ... on level 3 of the Dungeon.
             The game lasted 00:00:14 (289 turns).

qw the Shooter (Gargoyle Hexslinger)                 Turns: 289, Time: 00:00:14

Health: 0/21       AC:  5    Str: 11    XL:     3   Next: 56%
Magic:  4/4        EV: 12    Int: 13    God:
Gold:   8          SH:  0    Dex: 14    Spells: 3/4 levels left

rFire   . . .        Y - +1 sling
rCold   . . .        (no shield)
rNeg    + . .        c - +0 robe
rPois   inf          (no helmet)
rElec   +            (no cloak)
rCorr   .            (no gloves)
SInv    .            (no boots)
Will    .....        (no amulet)
Stlth   +            (no ring)
HPRegen 0.23/turn    (no ring)
MPRegen 0.09/turn

%: no passive effects
@: no status effects
A: sickness immunity, AC +3, negative energy resistance 1, electricity
resistance, torment resistance 1, petrification resistance
a: no special abilities


You were on level 3 of the Dungeon.
You visited 1 branch of the dungeon, and saw 3 of its levels.

You collected 8 gold pieces.


Innate Abilities, Weirdness & Mutations

You are immune to sickness and miasma.
Your stone body is resilient. (AC +3)
You are immune to poison.
You resist negative energy. (rN+)
You are resistant to electric shocks. (rElec)
You are resistant to unholy torment.
You are immune to petrification.


   Skills:
 - Level 2.0 Fighting
 + Level 3.4 Ranged Weapons
 - Level 1.5 Dodging
 - Level 1.0 Spellcasting
 - Level 2.6 Hexes


You had 3 spell levels left.
You knew the following spells:

 Your Spells              Type           Power      Damage    Failure   Level
a - Slow                  Hex            28%        N/A       10%         1

Your spell library contained the following spells:

 Spells                   Type           Power      Damage    Failure   Level
 Inner Flame              Hex/Fire       4%         N/A       43%         3
 Portal Projectile        Hex/Tloc       8%         N/A       43%         3
 Cause Fear               Hex            3%         N/A       67%         4

Inventory:

Hand Weapons
 Y - a +1 sling (weapon)
Armour
 c - a +0 robe (worn)
Scrolls
 b - a scroll of fear {unknown}
Potions
 a - a potion of might {unknown}

Dungeon Overview and Level Annotations

Branches:
Dungeon (3/15)

Altars:

Annotations:
D:3 Grinder


Message History

You shoot a sling bullet. The sling bullet hits the bat.
You kill the bat!
The orc throws a stone.
The stone hits you but does no damage.
Grinder blinks!
You shoot a sling bullet. The sling bullet hits the orc.
The orc is heavily wounded.
You shoot a sling bullet.
The sling bullet completely misses the orc.
The orc barely misses you. The orc hits you but does no damage.
You shoot a sling bullet. The sling bullet hits the orc.
The orc is severely wounded.
The orc hits you but does no damage.
You shoot a sling bullet.
The sling bullet closely misses the orc.
The orc closely misses you.
You shoot a sling bullet. The sling bullet barely misses the orc.
The orc barely misses you.
You shoot a sling bullet.
The sling bullet closely misses the orc.
The orc closely misses you.
You shoot a sling bullet.
The sling bullet closely misses the orc.
The orc barely misses you. The orc hits you with a +0 dagger.
You shoot a sling bullet. The sling bullet hits the orc.
You kill the orc!
Grinder closely misses you.
You shoot a sling bullet.
The sling bullet hits Grinder but does no damage.
Grinder gestures at you. Pain shoots through your body!
You shoot a sling bullet.
The sling bullet hits Grinder but does no damage.
Grinder gestures at you.
You suddenly lose the ability to move!
Grinder gestures at you. Pain shoots through your body!
You can move again.
You shoot a sling bullet.
The sling bullet closely misses Grinder.
Grinder hits you.
You die...

####....##..##
#.......##...##
##.....#).##
#......##..#
#..###.###.#
####..#
#.###.##
##.....#
#...#..#
##..#.###
###>##.#
#)@##.# #..#.##
.....)5###.#
#...... ...####
#.# #...... .
#.# #...... #.#
####### #.#


You could see Grinder.

Vanquished Creatures
  2 adders (D:3)
  4 orcs (D:3)
  4 endoplasms
  A giant cockroach (D:1)
  A goblin (D:2)
  A quokka (D:2)
  3 bats
  A frilled lizard (D:2)
  2 kobolds
  A rat (D:1)
20 creatures vanquished.

Notes
Turn   | Place    | Note
-------+----------+-------------------------------------------
     0 | D:1      | qw the Gargoyle Hexslinger began the quest for the Orb.
     0 | D:1      | Reached XP level 1. HP: 12/12 MP: 2/2
     0 | D:1      | 0 ||| qw: Version: 0.3-a-40-ge99b1a8
     0 | D:1      | 0 ||| qw: Game counter: 8025
     0 | D:1      | 0 ||| qw: Melee chars always use a shield: true
     0 | D:1      | 0 ||| qw: God list: Okawaru
     0 | D:1      | 0 ||| qw: Allow faded altars: false
     0 | D:1      | 0 ||| qw: Do Orc after clearing Dungeon:15 true
     0 | D:1      | 0 ||| qw: Do second Lair branch before Depths: true
     0 | D:1      | 0 ||| qw: Lair rune preference: random
     0 | D:1      | 0 ||| qw: Goals: Normal
     0 | D:1      | 0 ||| PLANNING D:1-11
    58 | D:1      | You fall into a shaft and drop 1 floor!
    88 | D:2      | Reached XP level 2. HP: 16/16 MP: 3/3
   131 | D:2      | 131 ||| READING scroll labelled ORISIH ZARULIJ.
   137 | D:2      | 137 ||| DROPPING scroll of poison.
   147 | D:2      | Reached skill level 3 in Ranged Weapons
   205 | D:3      | Reached XP level 3. HP: 16/21 MP: 4/4
   269 | D:3      | Noticed Grinder
   286 | D:3      | HP: 5/21 [Grinder/nerve-wracking pain (3)]
   287 | D:3      | Paralysed by Grinder for 2 turns
   288 | D:3      | HP: 1/21 [Grinder/nerve-wracking pain (4)]
   289 | D:3      | Slain by Grinder

Levels and vault maps discovered:
D:1:      scummos_arrival_checkerplants, layout_rooms
D:2:      layout_loops_ring, roderic_roman_lattice
D:3:      layout_rooms, nicolae_yredelemnul_ghost_church,
          ebering_ecumenical_altar_abandoned, uniq_natasha,
          uniq_crazy_yiuf_cottage, uniq_robin, uniq_grinder

Skill      XL: |  1  2  3 |
---------------+----------+-----
Ranged Weapons | 3 |  3.4
Fighting       | 2 |  2.0
Dodging        | |  1.5
Spellcasting   | |  1.0
Hexes          | |  2.6

Action                     || total
---------------------------++-------
   Fire: Sling             ||    75
    Use: Scroll            ||     1
 Armour: Robe              ||    19
  Dodge: Dodged            ||    31

Table legend:
 A = Non-vault XP
 B = Vault XP
 C = Vault XP percentage of total XP
 D = Non-vault monster count
 E = Vault monster count
 F = Vault count percentage of total count
                 A         B        C        D         E       F
            +---------+---------+-------+---------+---------+-------
      Total |      61 |       0 |   0.0 |      20 |       0 |   0.0
            +---------+---------+-------+---------+---------+-------
        D:1 |       6 |       0 |   0.0 |       4 |       0 |   0.0
        D:2 |      14 |       0 |   0.0 |       8 |       0 |   0.0
        D:3 |      41 |       0 |   0.0 |       8 |       0 |   0.0
            +---------+---------+-------+---------+---------+-------
